 Dungeon Crawl Stone Soup version 0.30-a0-1002-ga41ad49a19 (webtiles) character file.

Game seed: 1662154801608694779

149749 112233 the Sorcerer (level 16, -22/97 HPs)
             Began as a Deep Elf Air Elementalist on Apr 4, 2023.
             Was a High Priest of Vehumet.
             Shot with an arrow by a deep elf master archer (36 damage)
             ... on level 3 of the Elven Halls on Apr 5, 2023.
             The game lasted 01:05:17 (49635 turns).

112233 the Sorcerer (Deep Elf Air Elementalist)    Turns: 49635, Time: 01:05:18

Health: -22/97     AC: 10    Str:  5    XL:     16   Next: 97%
Magic:  24/43      EV: 19    Int: 43    God:    Vehumet [*****.]
Gold:   414        SH:  0    Dex: 15    Spells: 11/57 levels left

rFire   + . .      SeeInvis +    Y - staff of air
rCold   . . .      Faith    +    (no shield)
rNeg    + . .      Spirit   .    O - +4 robe of the Desert {rF+ rN+ Int+4}
rPois   .          Reflect  .    S - +1 hat "Hitaet Touss" {Fly rCorr SInv Stlth-}
rElec   +          Rampage  +    u - +0 cloak
rCorr   +                        N - +0 pair of gloves
Will    +....                    F - +0 pair of boots {rampage}
Stlth   +                        R - amulet of faith
HPRegen 0.36/turn                P - +6 ring of intelligence
MPRegen 0.28/turn                H - ring of Mibaes {Int+4 SInv}

@: flying
A: no striking features
a: Renounce Religion


You were on level 3 of the Elven Halls.
You worshipped Vehumet.
Vehumet was extremely pleased with you.
You visited 5 branches of the dungeon, and saw 26 of its levels.
You also visited: Gauntlet and Ice Cave.

You collected 2967 gold pieces.
You spent 2553 gold pieces at shops.

Inventory:

Hand Weapons
 k - a +9 demon trident of pain
Missiles
 y - a throwing net
Armour
 u - a +0 cloak (worn)
 F - a +0 pair of boots of rampaging (worn)
 K - the +1 buckler "Ygoucik" {rF- Will++ Regen+ Stlth+}
   (You found it in an ice cave)

   rF:        It makes you vulnerable to fire.
   Regen:     It increases your rate of health regeneration.
   Will:      It greatly increases your willpower.
   Stlth:     It makes you more stealthy.
 N - a +0 pair of gloves (worn)
 O - the +4 robe of the Desert (worn) {rF+ rN+ Int+4}
   (You found it on level 10 of the Dungeon)

   Int:       It affects your intelligence (+4).
   rF:        It protects you from fire.
   rN:        It protects you from negative energy.
 S - the +1 hat "Hitaet Touss" (worn) {Fly rCorr SInv Stlth-}
   (You found it in a Gauntlet)

   SInv:      It lets you see invisible.
   Fly:       It grants you flight.
   rCorr:     It protects you from acid and corrosion.
   Stlth:     It makes you less stealthy.
Magical Staves
 E - the staff of fire "Kokoruqo" {Fragile rElec rF+ Str+6}
   (You found it on level 5 of the Lair of Beasts)

   [staff of fire]

   Base accuracy: +5 Base damage: 5 Base attack delay: 1.2 This weapon's minimum
   attack delay (0.6) is reached at skill level 12.
   Str:       It affects your strength (+6).
   rF:        It protects you from fire.
   rElec:     It insulates you from electricity.
   Fragile:   It will be destroyed if unequipped.
   It falls into the 'Staves' category.
   It is a one-handed weapon.
 Y - a staff of air (weapon)
Jewellery
 c - a ring of poison resistance
 d - the amulet "Ysy Reh" {Reflect rN+ Str+3 SH+5}
   (You found it in an ice cave)

   [amulet of reflection]

   It reflects blocked missile attacks.
   Str:       It affects your strength (+3).
   rN:        It protects you from negative energy.
   SH:        It affects your SH (+5).
 h - the amulet "Kaakogit" {Acrobat Will+ rCorr Str+2 Dex+4}
   (You acquired it on level 1 of the Elven Halls)

   [amulet of the acrobat]

   It increases your evasion while moving and waiting.
   Str:       It affects your strength (+2).
   Dex:       It affects your dexterity (+4).
   rCorr:     It protects you from acid and corrosion.
   Will:      It increases your willpower.
 H - the ring of Mibaes (right hand) {Int+4 SInv}
   (You found it in an ice cave)

   [ring of see invisible]

   Int:       It affects your intelligence (+4).
   SInv:      It lets you see invisible.
 P - a +6 ring of intelligence (left hand)
 R - an amulet of faith (around neck)
Wands
 I - a wand of mindburst (25)
 T - a wand of paralysis (13)
 U - a wand of iceblast (14)
 V - a wand of acid (5)
 Z - a wand of flame (48)
Scrolls
 e - a scroll of fear
 g - 18 scrolls of teleportation
 i - 4 scrolls of amnesia
 j - a scroll of enchant weapon
 p - 4 scrolls of vulnerability
 t - 2 scrolls of silence
 v - 2 scrolls of butterflies
 z - 10 scrolls of identify
 A - 3 scrolls of enchant armour
 B - 3 scrolls of magic mapping
 C - 4 scrolls of fog
 D - 2 scrolls of immolation
 Q - 6 scrolls of poison
 W - 2 scrolls of torment
Potions
 a - a potion of brilliance
 b - a potion of magic
 f - a potion of heal wounds
 m - 4 potions of ambrosia
 n - 6 potions of might
 q - 3 potions of attraction
 r - 2 potions of resistance
 s - a potion of haste
 x - 2 potions of berserk rage
 G - 3 potions of mutation
 J - 4 potions of cancellation
 M - 7 potions of curing
 X - 2 potions of flight
Miscellaneous
 l - a box of beasts
 o - a lightning rod (4/4)
 w - a phantom mirror
 L - a phial of floods


   Skills:
 + Level 10.1 Fighting
 - Level 1.9 Staves
 * Level 14.3 Dodging
 - Level 2.6 Stealth
 - Level 2.3 Shields
 + Level 21.1 Spellcasting
 + Level 11.8 Conjurations
 + Level 4.2 Transmutations
 * Level 16.8 Air Magic
 + Level 5.0 Evocations


You had 11 spell levels left.
You knew the following spells:

 Your Spells              Type           Power      Damage    Failure   Level
a - Shock                 Conj/Air       100%       1d9       0%          1
b - Maxwell's Capacitive  Air            68%        ∞         1%          8
c - Airstrike             Air            68%        2d(10-26) 0%          4
d - Arcjolt               Conj/Air       65%        1d75      1%          5
e - Blink                 Tloc           90%        N/A       1%          2
f - Freezing Cloud        Conj/Ice/Air   56%        6-21      1%          5
g - Yara's Violent Unrav  Hex/Tmut       29%        3d12      1%          5
h - Swiftness             Air            100%       N/A       0%          3
i - Storm Form            Tmut/Air       58%        N/A       4%          7
j - Plasma Beam           Fire/Air       54%        2x1d76    1%          6

Your spell library contained the following spells:

 Spells                   Type           Power      Damage    Failure   Level
 Magic Dart               Conj           100%       1d8       0%          1
 Poisonous Vapours        Pois/Air       100%       N/A       0%          2
 Static Discharge         Conj/Air       100%       2-7/arc   0%          2
 Freeze                   Ice            100%       1d10      1%          1
 Slow                     Hex            100%       N/A       1%          1
 Sting                    Tmut/Pois      100%       1d8       1%          1
 Call Imp                 Summ           45%        N/A       1%          2
 Cigotuvi's Dreadful Rot  Necr/Pois/Air  100%       N/A       1%          2
 Lesser Beckoning         Tloc           90%        N/A       1%          2
 Confusing Touch          Hex            45%        N/A       1%          3
 Frozen Ramparts          Ice            90%        1d14      1%          3
 Gell's Gravitas          Tloc           45%        N/A       1%          3
 Hailstorm                Conj/Ice       77%        3d16      1%          3
 Ignite Poison            Fire/Tmut/Pois 55%        N/A       1%          3
 Inner Flame              Hex/Fire       45%        N/A       1%          3
 Kindle Blastsparks       Fire/Tloc/Air  100%       2d18      1%          3
 Mephitic Cloud           Conj/Pois/Air  100%       N/A       1%          3
 Ozocubu's Armour         Ice            45%        N/A       1%          3
 Portal Projectile        Hex/Tloc       90%        N/A       1%          3
 Teleport Other           Tloc           45%        N/A       1%          3
 Tukima's Dance           Hex            45%        N/A       1%          3
 Vampiric Draining        Necr           45%        2d9       1%          3
 Vhi's Electric Charge    Tloc/Air       100%       N/A       1%          3
 Flame Wave               Conj/Fire      77%        2d17      1%          4
 Ice Form                 Ice/Tmut       59%        N/A       1%          4
 Olgreb's Toxic Radiance  Pois           45%        N/A       1%          4
 Sticky Flame             Conj/Fire      77%        2d9       1%          4
 Blade Hands              Tmut           35%        N/A       2%          5
 Animate Dead             Necr           45%        N/A       4%          4
 Cause Fear               Hex            22%        N/A       4%          4
 Dispel Undead            Necr           45%        3d17      4%          4
 Manifold Assault         Tloc           45%        N/A       4%          4
 Alistair's Intoxication  Tmut/Pois      39%        N/A       5%          5
 Eringya's Noxious Bog    Tmut/Pois      29%        N/A       9%          6
 Borgnjor's Vile Clutch   Necr/Erth      22%        N/A       13%         5
 Death Channel            Necr           22%        N/A       56%         6
 Dispersal                Tloc           22%        N/A       56%         6
 Simulacrum               Ice/Necr       22%        N/A       56%         6
 Dragon Form              Tmut           35%        N/A       56%         7
 Ozocubu's Refrigeration  Ice            22%        4d12      65%         7
 Haunt                    Necr/Summ      22%        N/A       98%         7
 Ignition                 Fire           22%        3d8       99%         8
 Infestation              Necr           22%        N/A       100%        8
 Dragon's Call            Summ           22%        N/A       100%        9
 Polar Vortex             Ice            22%        N/A       100%        9


Dungeon Overview and Level Annotations

Branches:
Dungeon (15/15)            Temple (1/1) D:5            Lair (5/5) D:10
 Shoals (0/4) Lair:2        Snake (0/4) Lair:3        Slime (0/5) Lair:5
    Orc (2/2) D:11            Elf (3/3) Orc:2        Vaults (0/5) D:14
 Depths (0/4) D:15          IceCv (visited)         Gauntlet (visited)

Altars:
Ashenzari
Cheibriados
Dithmenos
Elyvilon
Gozag
Hepliaklqana
Kikubaaqudgha
Makhleb
Nemelex Xobeh
Okawaru
Qazlal
Ru
Sif Muna
Uskayaw
Vehumet
Wu Jian
Xom
Yredelemnul
Zin
The Shining One
Jiyva
Lugonu

Shops:
D:4 *   D:9 *   D:13 ?   Orc:2 !??*   Elf:1 *   Elf:2 (   Elf:3 *[

Portals:
Abyss: Lair:5
Trove: D:11 (give +8 demon whip)

Annotations:
D:5 Edmund
D:11 3 runed translucent doors, confidenceinterval's ghost, journeyman DrIE
Temple 2 transporters
Lair:2 2 transporters, Ochegaxt's ghost, journeyman DsBe
Lair:3 1 runed translucent door
Elf:1 3 runed translucent doors, exclusion: obsidian statue, gyole's ghost, adept OgWr
Elf:2 3 runed translucent doors


Message History

Casting: Airstrike (safe; 0% risk of failure)
Confirm with . or Enter, or press ? or * to list all spells.
Okay, then.
Casting: Airstrike (safe; 0% risk of failure)
Confirm with . or Enter, or press ? or * to list all spells.
Aiming: Freezing Cloud (safe; 1% risk of failure)
Press: ? - help, Dir - move target, f - deep elf master archer
Aim: a deep elf master archer, wearing a +0 leather armour (wandering, hasn't noticed you)
You feel a surge of power!
The deep elf master archer is engulfed in freezing vapours.
The deep elf master archer wields a +0 longbow.
The deep elf master archer shoots an arrow.
The arrow hits you!!
You hear a shout!
Unknown command.
Unknown command.
Casting: Freezing Cloud (safe; 1% risk of failure)
Confirm with . or Enter, or press ? or * to list all spells.
Okay, then.
Casting: Freezing Cloud (safe; 1% risk of failure)
Confirm with . or Enter, or press ? or * to list all spells.
Okay, then.
Casting: Freezing Cloud (safe; 1% risk of failure)
Confirm with . or Enter, or press ? or * to list all spells.
You feel a surge of power!
You begin accumulating electric charge. (Press . to continue charging.)
You feel charge building up...
The deep elf master archer is engulfed in freezing vapours.
The deep elf master archer shoots an arrow.
The arrow hits you!!!
* * * LOW HITPOINT WARNING * * *
You feel charge building up...
The deep elf master archer is engulfed in freezing vapours.
The deep elf master archer shoots an arrow.
The arrow hits you!
* * * LOW HITPOINT WARNING * * *
The deep elf master archer is engulfed in freezing vapours.
The deep elf master archer shoots an arrow.
The arrow hits you!!!
You die...

..#...# **,,,*,,,,,,,,*,,,**
..#...# *,,,***,,,,,,***,,,*
..#...# **,,,*,,,,,,,,*,,,**
..#...# **,,,,,*,,*,,,,,**
..#...# **,,,**,,**,,,**
..###'# **,###,,#**,**
..#...## *##.#,.# ***
..#....########..#..#
..'...#..#.#.###@...#********
''##......#.....#.......,,,,*
...##.^...'§....#.).....,,,,*
....##....#§§§..[..)..[.,,,,*
.....####'##e#######'###*****
.....'.....§§..........,,,,,*
.....'....§§........,...,,,,*
....########################*
...##≈≈≈≈≈≈≈≈≈≈≈≈≈≈≈≈≈≈≈≈≈≈≈*


You could see a deep elf master archer.

Vanquished Creatures
  Donald (Orc:2)
  An azure jelly (IceCv)
  2 deep elf sorcerers (Elf:3)
  A frost giant (D:14)
  An orc warlord (Orc:1)
  2 deep elf elementalists (Elf:3)
  A quicksilver ooze (IceCv)
  2 deep elf demonologists
  6 deep elf annihilators
  A dire elephant (D:15)
  Snorg (D:11)
  A minotaur (Gauntlet)
  6 deep elf death magi
  4 deep elf high priests (Elf:3)
  Fannar (D:11)
  A rakshasa (D:13)
  3 ogre magi
  4 hydras
  2 catoblepae
  10 two-headed ogres
  Erica (Orc:1)
  10 dancing weapons
  A death knight (D:14)
  8 centaur warriors
  4 boulder beetles
  6 death yaks (Lair:4)
  Urug (Lair:4)
  3 thrashing horrors (Lair:5)
  4 orc high priests
  Sonja (D:10)
  9 deep elf knights
  5 skeletal warriors (D:12)
  A skyshark (Lair:5)
  3 deep elf archers
  A glowing orange brain (shapeshifter) (D:13)
  6 orc knights
  14 deep elf zephyrmancers
  3 wizards
  Pikel (D:8)
  3 phantasmal warriors
  14 deep elf pyromancers
  A necromancer (D:14)
  11 ugly things
  8 orc sorcerers
  4 oklob plants (Lair:5)
  A moth of wrath (Gauntlet)
  16 elephants
  2 salamanders
  6 cyclopes
  A guardian serpent (shapeshifter) (Elf:2)
  A merfolk siren (Lair:2)
  3 manticores
  A black mamba (shapeshifter) (D:12)
  2 black mambas (Lair:5)
  Maurice (D:8)
  A smoke demon (Lair:5)
  3 gargoyles
  2 ice statues (IceCv)
  An unseen horror (D:12)
  7 cane toads
  A cane toad (shapeshifter) (D:15)
  An ice devil (Gauntlet)
  A rime drake (Lair:5)
  A minotaur zombie (Gauntlet)
  11 komodo dragons
  2 efreet
  A freezing wraith (D:14)
  2 ancient zymes (Lair:5)
  A meliai (shapeshifter) (Lair:5)
  A queen bee (shapeshifter) (D:14)
  3 merfolk (Lair:2)
  2 polar bears
  A queen bee (Lair:1)
  9 trolls
  A hornet (D:9)
  Prince Ribbit (D:6)
  A blink frog (shapeshifter) (D:13)
  2 dream sheep (shapeshifter)
  7 blink frogs (Lair:5)
  31 slime creatures
  A centaur simulacrum (D:14)
  An air elemental (Elf:1)
  A water elemental (Elf:1)
  22 yaks
  A spriggan (Lair:5)
  2 shadows
  4 ynoxinuls (Lair:5)
  3 wyverns
  5 wraiths
  2 vampires
  2 basilisks
  2 chaos spawn (Lair:5)
  3 steam dragons
  7 wargs
  12 vampire mosquitoes
  9 small abominations (Lair:5)
  A redback (D:14)
  2 acid dragons
  12 water moccasins
  Duvessa (D:7)
  A black bear (D:7)
  2 ice beasts
  5 great orb of eyes simulacra (IceCv)
  28 orc warriors
  A tengu (shapeshifter) (Lair:5)
  14 wolves
  7 ogres
  2 large abominations (Lair:5)
  A phantom (D:5)
  A lemure (D:8)
  15 centaurs
  2 slime creature simulacra (IceCv)
  Blork the orc (D:5)
  A kobold brigand (D:6)
  8 bullfrogs
  6 glowing shapeshifter simulacra (IceCv)
  An earth elemental (Elf:1)
  3 scorpions (D:5)
  Dowan (D:7)
  35 killer bees
  A howler monkey (D:8)
  An electric eel (Elf:3)
  2 lava snakes (Lair:3)
  2 jellies
  5 hounds
  14 orc priests
  A gnoll bouda (D:8)
  A sleepcap (D:8)
  An iguana (D:5)
  18 orc wizards
  3 shapeshifter simulacra (IceCv)
  15 gnolls
  4 adders
  3 shadow imps (Gauntlet)
  8 white imps
  A worm (D:5)
  90 orcs
  6 bats
  4 endoplasms
  A giant cockroach (D:1)
  3 goblins
  5 hobgoblins
  12 kobolds
  6 quokkas
  11 ball pythons
  2 frilled lizards (D:1)
  6 rats
756 creatures vanquished.

Vanquished Creatures (collateral kills)
  A quicksilver ooze (IceCv)
1 creature vanquished.

Vanquished Creatures (others)
  An orc wizard (Orc:2)
  16 fungi
  24 plants
41 creatures vanquished.

Grand Total: 798 creatures vanquished

Notes
Turn   | Place    | Note
-------+----------+-------------------------------------------
     0 | D:1      | 112233 the Deep Elf Air Elementalist began the quest for
                  | the Orb.
     0 | D:1      | Reached XP level 1. HP: 10/10 MP: 6/6
   258 | D:1      | Reached XP level 2. HP: 15/15 MP: 5/8
   740 | D:1      | Reached XP level 3. HP: 19/19 MP: 2/10
   841 | D:1      | Found a faded altar of an unknown god.
  1883 | D:2      | Reached XP level 4. HP: 20/24 MP: 1/11
  2286 | D:2      | Reached skill level 4 in Spellcasting
  2422 | D:3      | Learned a level 2 spell: Static Discharge
  2496 | D:3      | Learned a level 4 spell: Airstrike
  2603 | D:4      | Reached skill level 1 in Fighting
  2795 | D:4      | Found Ixtoj's General Store.
  2890 | D:4      | Reached XP level 5. HP: 6/29 MP: 5/13
  3485 | D:4      | Reached skill level 5 in Spellcasting
  3743 | D:4      | Reached XP level 6. HP: 34/34 MP: 5/15
  4256 | D:5      | Entered Level 5 of the Dungeon
  4256 | D:5      | Found an ancient bone altar of Kikubaaqudgha.
  4305 | D:5      | Found an ornate altar of the Wu Jian Council.
  4380 | D:5      | Found a staircase to the Ecumenical Temple.
  4388 | Temple   | Entered the Ecumenical Temple
  4388 | Temple   | Found a transporter.
  4388 | Temple   | Found a transporter.
  4442 | Temple   | Found a transporter.
  4442 | Temple   | Found a transporter.
  4456 | Temple   | Became a worshipper of Vehumet
  4604 | D:5      | Reached skill level 5 in Air Magic
  4604 | D:5      | Reached XP level 7. HP: 15/40 MP: 7/17
  4905 | D:5      | Reached skill level 6 in Spellcasting
  5611 | D:5      | Noticed Blork the orc
  5619 | D:5      | Killed Blork the orc
  5810 | D:5      | Noticed Edmund
  6027 | D:5      | Found a shadowy altar of Dithmenos.
  6036 | D:5      | Found a shimmering blue altar of Sif Muna.
  6315 | D:6      | Reached skill level 7 in Spellcasting
  6328 | D:6      | Reached XP level 8. HP: 45/45 MP: 3/20
  6473 | D:6      | Identified the +8 sling of Shrieking Terror {freeze, Dex+6}
  6506 | D:6      | Got Sif Muna's Anthology of the Thoughtful Interlopers
  6620 | D:6      | Noticed Prince Ribbit
  6623 | D:6      | Killed Prince Ribbit
  6995 | D:7      | Reached skill level 5 in Dodging
  6995 | D:7      | Reached skill level 8 in Spellcasting
  7233 | D:7      | Reached * piety under Vehumet
  7233 | D:7      | Offered knowledge of Foxfire by Vehumet.
  7658 | D:7      | Noticed Duvessa
  7662 | D:7      | Killed Duvessa
  7668 | D:7      | Noticed Dowan
  7677 | D:7      | Killed Dowan
  7845 | D:7      | Noticed a two-headed ogre
  8292 | D:8      | Reached XP level 9. HP: 51/51 MP: 14/23
  8689 | D:9      | Found Zatal's General Store.
  8703 | D:9      | Reached skill level 9 in Spellcasting
  8703 | D:9      | Reached skill level 5 in Conjurations
  8835 | D:9      | Bought a scroll of blinking for 112 gold pieces
  8835 | D:9      | Bought a scroll of identify for 30 gold pieces
  8964 | D:8      | Noticed Maurice
  9237 | D:8      | Killed Maurice
  9775 | D:7      | Killed a two-headed ogre
  9776 | D:7      | Reached skill level 10 in Spellcasting
 10198 | D:8      | Learned a level 5 spell: Arcjolt
 10201 | D:8      | Learned a level 2 spell: Blink
 10207 | D:8      | Learned a level 5 spell: Freezing Cloud
 10327 | D:8      | Noticed Pikel
 10335 | D:8      | Killed Pikel
 10942 | D:9      | Reached XP level 10. HP: 58/58 MP: 15/26
 11678 | D:9      | Reached skill level 11 in Spellcasting
 11843 | D:9      | Offered knowledge of Kiss of Death by Vehumet.
 12171 | D:10     | Entered Level 10 of the Dungeon
 12261 | D:10     | Reached ** piety under Vehumet
 12681 | D:10     | Reached skill level 5 in Fighting
 12719 | D:10     | Found a staircase to the Lair.
 12998 | D:10     | Identified the +4 robe of the Desert {rF+ rN+ Int+4}
 13368 | D:11     | Noticed a minotaur
 13368 | D:11     | Noticed Fannar
 13368 | D:11     | Found an iron altar of Okawaru.
 13369 | D:11     | Noticed confidenceinterval's ghost (journeyman DrIE)
 13373 | D:11     | Killed Fannar
 13374 | D:11     | Reached skill level 12 in Spellcasting
 13647 | D:11     | Noticed a gargoyle
 13649 | D:11     | Killed a gargoyle
 13682 | D:11     | Noticed a gargoyle
 13690 | D:11     | Killed a gargoyle
 13691 | D:11     | Reached XP level 11. HP: 64/64 MP: 1/29
 13858 | D:11     | Found a runed translucent gate.
 13859 | D:11     | Found a runed translucent gate.
 13859 | D:11     | Noticed a two-headed ogre
 13863 | D:11     | Killed a two-headed ogre
 13918 | D:11     | Found a runed translucent gate.
 13941 | D:11     | Reached skill level 10 in Air Magic
 14204 | D:11     | Found a portal to a secret trove of treasure.
 14347 | D:11     | Noticed Snorg
 14355 | D:11     | Killed Snorg
 14357 | D:11     | Offered knowledge of Momentum Strike by Vehumet.
 14550 | D:11     | Found a staircase to the Orcish Mines.
 14825 | Lair:1   | Entered Level 1 of the Lair of Beasts
 14825 | Lair:1   | Noticed Sonja
 14825 | Lair:1   | Found an ornate altar of the Wu Jian Council.
 14829 | D:10     | Killed Sonja
 14966 | Lair:1   | Reached skill level 13 in Spellcasting
 15242 | Lair:1   | Reached *** piety under Vehumet
 15908 | Lair:1   | Identified the +0 sling "Leviticus" {drain, rPois rCorr
                  | Str+2}
 15948 | Lair:1   | Offered knowledge of Iskenderun's Mystic Blast by Vehumet.
 16369 | Lair:2   | Reached XP level 12. HP: 70/70 MP: 26/31
 16410 | Lair:2   | Reached skill level 14 in Spellcasting
 16420 | Lair:2   | Reached **** piety under Vehumet
 16474 | Lair:2   | Found a gate leading to a gauntlet.
 16474 | Lair:2   | Noticed a boulder beetle
 16484 | Gauntlet | Entered a Gauntlet
 16484 | Gauntlet | Found a transporter.
 16598 | Gauntlet | Found a transporter.
 16600 | Gauntlet | Found a transporter.
 16613 | Gauntlet | Found a transporter.
 16614 | Gauntlet | Found a transporter.
 16620 | Gauntlet | Found a runed translucent door.
 16623 | Gauntlet | Found a transporter.
 16638 | Gauntlet | Found a transporter.
 16651 | Gauntlet | Found a transporter.
 16656 | Gauntlet | Noticed a dire elephant
 16663 | Gauntlet | Found a transporter.
 16668 | Gauntlet | Found a transporter.
 16683 | Gauntlet | Found a transporter.
 16698 | Gauntlet | Found a transporter.
 16698 | Gauntlet | Found a transporter.
 16751 | Gauntlet | Found a transporter.
 17086 | Gauntlet | Offered knowledge of Flame Wave by Vehumet.
 17166 | Gauntlet | Identified the +1 hat "Hitaet Touss" {Fly rCorr SInv
                  | Stlth-}
 17193 | Gauntlet | Noticed a minotaur
 17205 | Gauntlet | Killed a minotaur
 17548 | Gauntlet | Identified the +5 falchion of the Spider Nest {freeze,
                  | rPois}
 17548 | Gauntlet | Identified the +1 leather armour "Biklash" {rN+ Str+2
                  | Int-5}
 17753 | Lair:2   | Killed a boulder beetle
 17900 | Lair:2   | Noticed a seven-headed hydra
 17931 | Lair:2   | Found a transporter.
 18034 | Lair:2   | Noticed Ochegaxt's ghost (journeyman DsBe)
 18070 | Lair:2   | Reached skill level 10 in Dodging
 18075 | Lair:2   | Upgraded the game from 0.30-a0-989-g0d87f670db to
                  | 0.30-a0-1002-ga41ad49a19
 18206 | Lair:2   | Found a hazy altar of Hepliaklqana.
 18469 | Lair:2   | Found a transporter.
 18505 | Lair:2   | Reached skill level 15 in Spellcasting
 18615 | Lair:2   | Found a staircase to the Shoals.
 19499 | Lair:3   | Found a runed translucent door.
 19759 | Lair:3   | Found a staircase to the Snake Pit.
 20013 | Lair:3   | Noticed a six-headed hydra
 20436 | Lair:4   | Noticed a death yak
 20439 | Lair:4   | Noticed a death yak
 20440 | Lair:4   | Noticed a death yak
 20447 | Lair:4   | Noticed a death yak
 20448 | Lair:4   | Killed a death yak
 20450 | Lair:4   | Killed a death yak
 20451 | Lair:4   | Reached XP level 13. HP: 76/76 MP: 12/34
 20455 | Lair:4   | Noticed Urug
 20571 | Lair:4   | Killed Urug
 20578 | Lair:4   | Identified the +8 sling of Incongruity {flame, Stlth+}
 20841 | Lair:4   | Reached ***** piety under Vehumet
 21072 | Lair:5   | Entered Level 5 of the Lair of Beasts
 21091 | Lair:5   | Offered knowledge of Yara's Violent Unravelling by Vehumet.
 21109 | Lair:4   | Learned a level 5 spell: Yara's Violent Unravelling
 21359 | Orc:1    | Entered Level 1 of the Orcish Mines
 21365 | Orc:1    | Noticed Erica
 21371 | Orc:1    | Killed Erica
 21372 | Orc:1    | Reached skill level 16 in Spellcasting
 21896 | Orc:1    | Noticed an orc warlord
 21911 | Orc:1    | Killed an orc warlord
 22439 | Orc:2    | Entered Level 2 of the Orcish Mines
 22439 | Orc:2    | Found a staircase to the Elven Halls.
 23458 | D:12     | Reached skill level 10 in Conjurations
 24217 | D:12     | Learned a level 8 spell: Maxwell's Capacitive Coupling
 25547 | Orc:2    | Noticed Donald
 25551 | Orc:2    | Killed Donald
 25552 | Orc:2    | Reached skill level 17 in Spellcasting
 25691 | Orc:2    | Found Tuimpe's Assorted Antiques.
 25691 | Orc:2    | Found Derphu's Magic Scroll Shoppe.
 26056 | Orc:2    | Reached XP level 14. HP: 67/83 MP: 26/37
 26586 | Orc:2    | Reached ****** piety under Vehumet
 26833 | Orc:2    | Found Baces's Magic Scroll Shop.
 26834 | Orc:2    | Found Yluych's Distillery.
 26841 | Orc:2    | Bought an embroidered robe for 111 gold pieces
 26841 | Orc:2    | Bought a fuming golden potion for 27 gold pieces
 26844 | Orc:2    | Bought a scroll of teleportation for 36 gold pieces
 26844 | Orc:2    | Bought a scroll of teleportation for 36 gold pieces
 26844 | Orc:2    | Bought a scroll of noise for 12 gold pieces
 26844 | Orc:2    | Bought a scroll of fear for 48 gold pieces
 26857 | Orc:2    | Bought a potion of heal wounds for 65 gold pieces
 26857 | Orc:2    | Bought a potion of curing for 39 gold pieces
 26860 | Orc:2    | Bought a scroll of teleportation for 39 gold pieces
 26860 | Orc:2    | Bought a scroll of teleportation for 39 gold pieces
 26860 | Orc:2    | Bought a scroll of teleportation for 39 gold pieces
 26860 | Orc:2    | Bought a scroll of amnesia for 52 gold pieces
 26860 | Orc:2    | Bought a scroll of immolation for 52 gold pieces
 27779 | Lair:5   | Offered knowledge of Iskenderun's Battlesphere by Vehumet.
 27922 | Lair:5   | Found a viscous altar of Jiyva.
 29351 | Lair:5   | Reached skill level 18 in Spellcasting
 30327 | Lair:5   | Identified the staff of fire "Kokoruqo" {Fragile rElec rF+
                  | Str+6}
 30724 | Lair:5   | Found a corrupted altar of Lugonu.
 30724 | Lair:5   | Found a one-way gate to the infinite horrors of the Abyss.
 30739 | Lair:5   | Identified the +7 chain mail of the Desert {Rampage}
 30917 | Lair:5   | Found a staircase to the Slime Pits.
 31328 | Orc:2    | Bought a thick glowing staff for 360 gold pieces
 31551 | D:4      | Bought a +6 ring of intelligence for 360 gold pieces
 31551 | D:4      | Bought a box of beasts for 400 gold pieces
 31551 | D:4      | Bought a potion of magic for 80 gold pieces
 31551 | D:4      | Bought a potion of haste for 100 gold pieces
 31665 | D:9      | Bought a scroll of fear for 60 gold pieces
 32399 | D:13     | HP: 4/84 [two-headed ogre/+0 giant club (10)]
 32669 | D:13     | Offered knowledge of Starburst by Vehumet.
 32708 | D:13     | Found a frozen archway.
 32722 | IceCv    | Entered an ice cave
 33163 | IceCv    | Noticed a quicksilver ooze
 33635 | IceCv    | Got Unoekh's Volume of Frost
 33684 | IceCv    | Killed a quicksilver ooze
 33685 | IceCv    | Reached skill level 15 in Air Magic
 33715 | IceCv    | Reached XP level 15. HP: 89/89 MP: 20/39
 34597 | IceCv    | Noticed an azure jelly
 34603 | IceCv    | Killed an azure jelly
 34804 | IceCv    | Reached skill level 19 in Spellcasting
 35850 | IceCv    | Found a viscous altar of Jiyva.
 35871 | IceCv    | Identified the amulet "Ysy Reh" {Reflect rN+ Str+3 SH+5}
 35873 | IceCv    | Identified the ring of Mibaes {Int+4 SInv}
 35878 | IceCv    | Identified the +1 buckler "Ygoucik" {rF- Will++ Regen+
                  | Stlth+}
 36117 | D:13     | Found Ojirecagh's Magic Scroll Boutique.
 37705 | D:14     | Offered knowledge of Lee's Rapid Deconstruction by Vehumet.
 37707 | D:14     | Reached skill level 1 in Shields
 37937 | D:14     | Found a gate to the Vaults.
 38217 | D:14     | Identified a scroll of acquirement
 38218 | D:14     | Acquired a staff of air
 39467 | D:14     | Reached skill level 1 in Evocations
 39474 | D:14     | Noticed a frost giant
 39554 | D:14     | Reached skill level 1 in Staves
 39575 | D:14     | Killed a frost giant
 39843 | D:15     | Entered Level 15 of the Dungeon
 40544 | D:15     | Reached skill level 20 in Spellcasting
 41298 | D:14     | Learned a level 3 spell: Swiftness
 41306 | D:14     | Learned a level 7 spell: Storm Form
 41959 | D:15     | Reached XP level 16. HP: 96/96 MP: 31/42
 42009 | D:15     | Offered knowledge of Iron Shot by Vehumet.
 42159 | D:15     | Found a staircase to the Depths.
 42166 | D:15     | Reached skill level 1 in Transmutations
 42550 | Elf:1    | Entered Level 1 of the Elven Halls
 43169 | Elf:1    | Acquired the amulet "Kaakogit" {Acrobat Will+ rCorr Str+2
                  | Dex+4}
 43307 | Elf:1    | Found a runed translucent gate.
 43334 | Elf:1    | Found a runed translucent gate.
 43475 | Elf:1    | Found a runed translucent gate.
 43476 | Elf:1    | Found an opulent altar of Gozag.
 43477 | Elf:1    | Found Tamirru's Assorted Antiques.
 43477 | Elf:1    | Noticed gyole's ghost (adept OgWr)
 44608 | Elf:2    | Found Jorusear's Weapon Boutique.
 44833 | Elf:2    | Found a runed translucent gate.
 44833 | Elf:2    | Found a runed translucent gate.
 44833 | Elf:2    | Found a runed translucent gate.
 45195 | Elf:3    | Entered Level 3 of the Elven Halls
 45421 | Elf:3    | Found Hifriyg's Antique Armour Emporium.
 45426 | Elf:3    | Bought a pair of glowing boots for 285 gold pieces
 45426 | Elf:3    | Bought a cloak for 171 gold pieces
 46104 | Elf:3    | Offered knowledge of Plasma Beam by Vehumet.
 46481 | Elf:3    | Reached skill level 10 in Fighting
 47181 | Elf:3    | Identified the +5 mace of the Skies Above {heavy, Int+5}
 47404 | Elf:3    | Reached skill level 21 in Spellcasting
 47895 | Elf:2    | Learned a level 6 spell: Plasma Beam
 48650 | Elf:3    | Found Naryorih's Needful Niceties.
 48967 | Elf:3    | Reached skill level 5 in Evocations
 49632 | Elf:3    | Noticed a deep elf master archer
 49635 | Elf:3    | Shot with an arrow by a deep elf master archer

Illustrated notes

Levels and vault maps discovered:
D:1:      amcnicky_arrival_abandoned_market, layout_loops_ring,
          chequers_ecumenical_altar_lobes
D:2:      layout_basic, grunt_decor_arrowhead
D:3:      layout_basic, mainiacjoe_overflow_alcove_2, moated_statue
D:4:      layout_layer_cave, serial_shops, nicolae_shop_advertising_works
          [nicolae_subvault_shop_adworks], chequers_serial_rivers_small_a
D:5:      layout_loops_ring, grunt_temple_overflow_open,
          amethyst_overflow_temple_binary, minmay_temple_entry_steel_oval,
          kennysheep_generic_room_4, uniq_blork_the_orc, uniq_edmund
D:6:      layout_loops_ring, uniq_prince_ribbit1
D:7:      layout_loops_cross, kennysheep_small_spiral, nrook_campfire,
          uniq_duvessa
D:8:      layout_basic, serial_bayou_pond_e, uniq_maurice, uniq_pikel
D:9:      layout_loops_ring, serial_shops, nicolae_square_shop, minivault_19,
          eino_tiny_chamber
D:10:     layout_basic, lair_entry_dummy
D:11:     layout_long_grid, hiddenorc1_lemuel, enter_trove_6,
          maelrawn_ghost_gauntlet_escape, hangedman_abyss_or_decor_lesser_grid,
          okawaru_metal_pillars_1_2, uniq_fannar, uniq_snorg
D:12:     layout_small_grid
D:13:     layout_irregular_city, portal_ice_cave_entry_pillars_1, serial_shops,
          nicolae_lakefront_shop, minmay_misc_feat_tower
D:14:     evilmike_diamond_2, layout_gridville, david_vaults_2
D:15:     hangedman_depths_entry_try_elsewhere_first, layout_loops_ring
Temple:   hellmonk_temple_divided_pantheon
Lair:1:   layout_gridlike, basic_altar, special_room [special_room_bee],
          uniq_sonja
Lair:2:   layout_small_grid, elwin_shoals_entry_stream, nzn_ghost_randoct,
          gauntlet_entry_generic, basic_altar
Lair:3:   layout_long_grid, nicolae_snake_entry_warm_welcome, minmay_holes,
          pf_torpor_hydra, serial_bayou_shore_b
Lair:4:   layout_big_grid, grunt_megastairs_2, uniq_urug
Lair:5:   hellmonk_lair_end_abyssal_woods, layout_small_grid,
          minmay_slime_entry_oklob_enclosed
Orc:1:    layout_caves, nicolae_orc_rockfall, uniq_erica
Orc:2:    st_orc_elflike, layout_caves, guppyfry_library_mini, uniq_donald
Elf:1:    nicolae_elf_arrival_fired_up, layout_onion_city, ebering_ghost_gozag,
          hangedman_elf_represent, due_unseen_surprise
Elf:2:    elven_hall_of_blades_hangedman_original
          [nicolae_blade_entry_hurt_lockers], layout_onion_city, serial_shops,
          shop_statue, nicolae_elf_glass_and_crystal_pillar_1
Elf:3:    minmay_elf_hall_x, layout_geoelf_castle, serial_shops, shop,
          nicolae_alphabet_shops

Skill      XL: |  1  2  3  4  5  6  7  8  9 10 11 12 13 14 15 16 |
---------------+-------------------------------------------------+-----
Spellcasting   | 4 5 7 8 10 12 13 15 17 18 20 21 | 21.1
Dodging        | 3 4 5 6 8 9 10 11 12 13 14 | 14.3
Fighting       | 1 2 3 4 5 6 7 8 9 10 | 10.1
Conjurations   | 2 3 4 5 7 8 9 10 11 | 11.8
Air Magic      | 4 5 7 8 9 11 12 13 15 16 | 16.8
Shields        | 2 |  2.3
Evocations     | 2 5 |  5.0
Staves         | 1 |  1.9
Transmutations | 4 |  4.2
Stealth        | |  2.6

Action                     |  1- 3 |  4- 6 |  7- 9 | 10-12 | 13-15 | 16-18 || total
---------------------------+-------+-------+-------+-------+-------+-------++-------
  Melee: Unarmed           |     3 |       |       |       |       |       ||     3
         Long sword        |     1 |     6 |     2 |       |       |       ||     9
         Staff             |       |       |       |       |     5 |       ||     5
   Fire: Sling             |       |       |    15 |    78 |    90 |       ||   183
   Cast: Shock             |    81 |   112 |    98 |     7 |     3 |       ||   301
         Static Discharge  |       |     5 |    18 |     5 |       |       ||    28
         Airstrike         |       |       |    74 |   213 |   662 |   217 ||  1166
         Arcjolt           |       |       |       |    39 |    25 |     3 ||    67
         Freezing Cloud    |       |       |       |     4 |    54 |    28 ||    86
         Blink             |       |       |       |     2 |    11 |       ||    13
         Maxwell's Capacit |       |       |       |       |    21 |     6 ||    27
         Swiftness         |       |       |       |       |       |     1 ||     1
         Storm Form        |       |       |       |       |       |     1 ||     1
  Evoke: Wand              |       |       |     1 |     4 |     6 |       ||    11
         Phantom mirror    |       |       |       |     1 |     2 |       ||     3
         Box of beasts     |       |       |       |       |     2 |       ||     2
         Lightning rod     |       |       |       |       |     3 |       ||     3
    Use: Potion            |       |     6 |     4 |     4 |     5 |     8 ||    27
         Scroll            |       |       |    10 |    11 |    17 |    11 ||    49
 Armour: Robe              |     7 |     6 |    13 |    44 |    47 |    11 ||   128
         Skin              |       |       |       |       |     6 |       ||     6
  Dodge: Dodged            |     7 |    30 |    48 |   196 |   266 |    41 ||   588
  Block: Other             |       |       |       |    42 |       |       ||    42
         Reflection        |       |       |       |     1 |       |       ||     1

Table legend: (Time is in decaauts)
 A = Elapsed time spent in this place.
 B = Non-inter-level travel time spent in this place.
 C = Inter-level travel time spent in this place.
 D = Time resting spent in this place.
 E = Time spent auto-exploring this place.
 F = Levels seen in this place.
 G = Mean time per level.
                   A        B        C        D        E       F      G
               +--------+--------+--------+--------+--------+-----+--------+
         Total |  49742 |  46947 |   2795 |  14759 |  27412 |  28 | 1776.5 |
       Dungeon |  24579 |  23027 |   1552 |   5976 |  14883 |  15 | 1638.6 |
        Temple |    399 |    399 |      0 |    362 |      2 |   1 |  399.0 |
          Lair |   8916 |   8139 |    777 |   1336 |   5926 |   5 | 1783.2 |
  Orcish Mines |   4259 |   3988 |    271 |    784 |   2695 |   2 | 2129.5 |
   Elven Halls |   7085 |   6891 |    194 |   3308 |   3022 |   3 | 2361.7 |
      Ice Cave |   3239 |   3239 |      0 |   2490 |    324 |   1 | 3239.0 |
      Gauntlet |   1263 |   1263 |      0 |    503 |    560 |   1 | 1263.0 |
               +--------+--------+--------+--------+--------+-----+--------+

Top non-repeatable levels by time:
   IceCv: 3239 daAuts
   Elf:3: 3144 daAuts
    D:14: 3119 daAuts
  Lair:5: 2969 daAuts
   Orc:2: 2584 daAuts
    D:11: 2311 daAuts
    D:15: 2223 daAuts
   Elf:2: 2115 daAuts
     D:9: 2020 daAuts
    D:12: 1925 daAuts
  Lair:4: 1871 daAuts
   Elf:1: 1825 daAuts
     D:4: 1740 daAuts
     D:8: 1719 daAuts
   Orc:1: 1674 daAuts
